AoeStats
← Voxi

Arabia

506071627Analyzed
1v1 RM · 21d ago on Sep 12, 2026· 33m 22s· 2 players
Game mode
Random Map
Map size
Tiny (2 player)
Population
200
Speed
Normal
Resources
Standard
Victory
Conquest
Starting age
Dark Age
Ending age
Imperial Age
RankedLock teamsTeams togetherTeam positionsShared explorationLock speedFull tech treeHidden civsTurbo modeCheats
Victory
Defeat
🇫🇷 Inca · France
1098
+15
🇩🇪 Goths · Germany
1082
-15
Voxi
8:04 Loom
11:01 Feudal Age
11:04 Man-at-Arms
13:21 Double-Bit Axe
16:10 Wheelbarrow
21:31 Castle Age
20:45 Padded Archer Armor
20:36 Horse Collar
21:57 Fletching
23:08 Bow Saw
23:17 Long Swordsman
24:08 Elite Skirmisher
25:13 Leather Archer Armor
27:40 Forging
28:01 Bodkin Arrow
28:16 Heavy Plow
28:43 Scale Mail Armor
29:19 Ballistics
29:38 Squires
31:23 Light Cavalry
contact
5:41 Loom
10:39 Feudal Age
11:16 Double-Bit Axe
19:22 Castle Age
19:08 Fletching
20:08 Padded Archer Armor
22:33 Wheelbarrow
22:56 Bow Saw
25:48 Bodkin Arrow
33:13 Imperial Age
31:45 Leather Archer Armor
34:06 Ballistics
Connection lost

Rejoining the realm…

Still unreachable

The connection could not be restored.

Session expired

The server has moved on; the page needs a fresh start.